 Dungeon Crawl Stone Soup version 0.31.0-11-ge490571c62 (webtiles) character file.

Game seed: 4505535678695042312

58 Skitler the Covert (level 4, 0/41 HPs)
             Began as a Gnoll Delver on Feb 3, 2024.
             Splashed by a jelly's acid (2 damage)
             ... on level 5 of the Dungeon.
             The game lasted 00:00:46 (201 turns).

Skitler the Covert (Gnoll Delver)                    Turns: 201, Time: 00:00:47

Health: 0/41       AC: -4    Str: 13    XL:     4   Next: 1%
Magic:  5/5        EV: 13    Int:  9    God:
Gold:   21         SH:  0    Dex: 14    Spells: 5/5 levels left

rFire   . . .        a - +0 hand axe
rCold   . . .        (no shield)
rNeg    . . .        b - +0 leather armour
rPois   .            (no helmet)
rElec   .            (no cloak)
rCorr   .            (no gloves)
SInv    .            (no boots)
Will    .....        (no amulet)
Stlth   ++++         (no ring)
HPRegen 0.26/turn    (no ring)
MPRegen 0.09/turn

%: no passive effects
@: corroded
A: fangs 1, strong nose, distributed training
a: no special abilities


You were on level 5 of the Dungeon.
You visited 1 branch of the dungeon, and saw 1 of its levels.

You collected 21 gold pieces.

Inventory:

Hand Weapons
 a - a +0 hand axe (weapon)
Armour
 b - a +0 leather armour (worn)
Wands
 g - a wand of digging (3)
Scrolls
 c - a scroll of fog
 d - a scroll of revelation
 e - a scroll of fear


   Skills:
 + Level 6.6 Fighting
 + Level 1.0 Short Blades
 + Level 1.0 Long Blades
 + Level 4.6 Axes
 + Level 1.0 Maces & Flails
 + Level 1.0 Polearms
 + Level 1.0 Staves
 + Level 1.0 Ranged Weapons
 + Level 1.0 Throwing
 + Level 1.0 Armour
 + Level 4.6 Dodging
 + Level 9.6 Stealth
 + Level 1.0 Shields
 + Level 1.0 Unarmed Combat
 + Level 1.0 Spellcasting
 + Level 0.8 Conjurations
 + Level 0.8 Hexes
 + Level 0.8 Summonings
 + Level 0.8 Necromancy
 + Level 0.8 Translocations
 + Level 0.8 Fire Magic
 + Level 0.8 Ice Magic
 + Level 0.8 Air Magic
 + Level 0.8 Earth Magic
 + Level 0.8 Alchemy
 + Level 1.1 Invocations
 + Level 1.0 Evocations
 + Level 1.0 Shapeshifting


You had 5 spell levels left.
You didn't know any spells.
Your spell library was empty.

Dungeon Overview and Level Annotations

Branches:
Dungeon (5/15)
 Temple: D:4-7

Altars:


Innate Abilities, Weirdness & Mutations

You have very sharp teeth.
Your uncanny sense of smell can sniff out nearby items.
Your experience applies equally to all skills.


Message History

The jelly hits you.
You are splashed with acid.
You hit the jelly but do no damage.
Your hands burn!
You bite the jelly, but do no damage.
The jelly is moderately wounded.
The jelly closely misses you.
You barely miss the jelly.
The jelly is moderately wounded.
The jelly hits you.
You are splashed with acid!
You are too injured to fight recklessly!
You are too injured to fight recklessly!
You hit the jelly.
Your hands burn!
The jelly is moderately wounded.
The jelly hits you. The acid corrodes you!
You are splashed with acid!
* * * LOW HITPOINT WARNING * * *
You hit the jelly but do no damage.
Your hands burn!
* * * LOW HITPOINT WARNING * * *
The jelly is moderately wounded.
The jelly barely misses you.
You feel much better. The jelly barely misses you.
You hit the jelly.
Your hands burn!
The jelly is severely wounded.
The jelly hits you.
You are splashed with acid.
The jelly barely misses you.
You hit the jelly but do no damage.
Your hands burn!
The jelly is severely wounded.
The jelly hits you. The acid corrodes you!
You are splashed with acid.
You hit the jelly but do no damage.
Your hands burn!
* * * LOW HITPOINT WARNING * * *
You bite the jelly, but do no damage.
The jelly is severely wounded.
The jelly hits you.
* * * LOW HITPOINT WARNING * * *
You are splashed with acid.
* * * LOW HITPOINT WARNING * * *
You hit the jelly but do no damage.
Your hands burn!
* * * LOW HITPOINT WARNING * * *
You bite the jelly, but do no damage.
The jelly is severely wounded.
The jelly closely misses you.
You hit the jelly.
Your hands burn!
You die...

#.#######.#..# #.. #......#
#.......#.##.###.. #......#
....###.#.##.##..####[..†..#
##...........^......'......#
#.###.#.##..##.####......#
... ...h...............#
.### #.####.#.###.......# ..
.#.# #.......# # #@#
#.......# #J# #.........
#.#∆#.......... #.#
#..........# #..
#..........# ###


You could see a jelly.

Vanquished Creatures
  A scorpion (D:5)
1 creature vanquished.

Notes
Turn   | Place    | Note
-------+----------+-------------------------------------------
     0 | D:5      | Reached skill level 9 in Stealth
     0 | D:5      | Skitler the Gnoll Delver began the quest for the Orb.
     0 | D:5      | Reached XP level 1. HP: 23/23 MP: 1/1
    19 | D:5      | Noticed a hound
    35 | D:5      | Noticed a black bear
    66 | D:5      | Noticed a scorpion
    84 | D:5      | Killed a scorpion
    85 | D:5      | Reached skill level 1 in Short Blades
    85 | D:5      | Reached skill level 1 in Long Blades
    85 | D:5      | Reached skill level 1 in Maces & Flails
    85 | D:5      | Reached skill level 1 in Polearms
    85 | D:5      | Reached skill level 1 in Staves
    85 | D:5      | Reached skill level 1 in Ranged Weapons
    85 | D:5      | Reached skill level 1 in Throwing
    85 | D:5      | Reached skill level 1 in Armour
    85 | D:5      | Reached skill level 1 in Shields
    85 | D:5      | Reached skill level 1 in Unarmed Combat
    85 | D:5      | Reached skill level 1 in Spellcasting
    85 | D:5      | Reached skill level 1 in Invocations
    85 | D:5      | Reached skill level 1 in Evocations
    85 | D:5      | Reached skill level 1 in Shapeshifting
    85 | D:5      | Reached XP level 2. HP: 14/29 MP: 1/3
    85 | D:5      | Reached XP level 3. HP: 17/35 MP: 1/4
    85 | D:5      | Reached XP level 4. HP: 20/41 MP: 1/5
   200 | D:5      | HP: 2/41 [acid (2)]
   201 | D:5      | Splashed by a jelly's acid

Illustrated notes

Levels and vault maps discovered:
D:5:      layout_basic, general_overflow_altar, minivault_26, st_stairs_11,
          minmay_quadrilaterals, uniq_menkaure, uniq_crazy_yiuf_cottage

Skill      XL: |  1 |
---------------+----+-----
Stealth        | |  9.6
Short Blades   | 1 |  1.0
Long Blades    | 1 |  1.0
Maces & Flails | 1 |  1.0
Polearms       | 1 |  1.0
Staves         | 1 |  1.0
Ranged Weapons | 1 |  1.0
Throwing       | 1 |  1.0
Armour         | 1 |  1.0
Shields        | 1 |  1.0
Unarmed Combat | 1 |  1.0
Spellcasting   | 1 |  1.0
Invocations    | 1 |  1.1
Evocations     | 1 |  1.0
Shapeshifting  | 1 |  1.0
Fighting       | |  6.6
Axes           | |  4.6
Dodging        | |  4.6
Conjurations   | |  0.8
Hexes          | |  0.8
Summonings     | |  0.8
Necromancy     | |  0.8
Translocations | |  0.8
Fire Magic     | |  0.8
Ice Magic      | |  0.8
Air Magic      | |  0.8
Earth Magic    | |  0.8
Alchemy        | |  0.8

Action                     |  1- 3 |  4- 6 || total
---------------------------+-------+-------++-------
  Melee: Hand axe          |    14 |    10 ||    24
         Bite              |     1 |     4 ||     5
    Use: Potion            |     2 |     1 ||     3
         Scroll            |     1 |       ||     1
   Stab: Sleeping          |       |     1 ||     1
 Armour: Leather armour    |     6 |     6 ||    12
  Dodge: Dodged            |     7 |     5 ||    12
